 Dungeon Crawl Stone Soup version 0.32-a0-38-gb04dd89b9b (webtiles) character file.

Game seed: 11680373184409487814

42 whatisthis the Grave Robber (level 3, -3/29 HPs)
             Began as a Ghoul Necromancer on Jan 24, 2024.
             Slain by Terence
             ... wielding a +0 flail
              (12 damage)
             ... on level 2 of the Dungeon.
             The game lasted 00:02:38 (1531 turns).

whatisthis the Grave Robber (Ghoul Necromancer)     Turns: 1531, Time: 00:02:38

Health: -3/29      AC:  5    Str: 11    XL:     3   Next: 54%
Magic:  5/5        EV: 10    Int: 16    God:
Gold:   83         SH:  0    Dex:  9    Spells: 4/5 levels left

rFire   . .          .
                       - Unarmed
rCold   + . .        (no shield)
rNeg    + + +        e - +0 ring mail
rPois   ∞            (no helmet)
rElec   .            (no cloak)
rCorr   .            (no gloves)
SInv    .            (no boots)
Will    .....        (no amulet)
Stlth   +            (no ring)
HPRegen 0.00/turn    (no ring)
MPRegen 0.09/turn

%: no passive effects
@: inhibited regen
A: claws 1, cold resistance 1, negative energy resistance 3, inhibited
regeneration, torment resistance 2, devour on kill
a: no special abilities


You were on level 2 of the Dungeon.
You visited 1 branch of the dungeon, and saw 2 of its levels.

You collected 83 gold pieces.

Inventory:

Missiles
 k - 4 poisoned darts
 m - 2 datura-tipped darts (quivered)
Armour
 e - a +0 ring mail (worn)
Scrolls
 f - 4 scrolls of identify {unknown}
 g - a scroll of teleportation {unknown}
 h - a scroll of enchant armour {unknown}
 j - a scroll of brand weapon {unknown}
 l - a scroll of revelation {unknown}
Potions
 a - a potion of enlightenment {unknown}
 b - 2 potions of magic
 c - 2 potions of curing {unknown}
 d - a potion of might {unknown}
 i - a potion of mutation {unknown}


   Skills:
 + Level 2.2 Fighting
 - Level 1.7 Dodging
 - Level 2.1 Stealth
 + Level 2.2 Unarmed Combat
 - Level 1.7 Spellcasting
 - Level 4.0 Necromancy


You had 4 spell levels left.
You knew the following spells:

 Your Spells              Type           Power      Damage    Failure   Level
a - Necrotise             Necr           56%        1d6       10%         1

Your spell library contained the following spells:

 Spells                   Type           Power      Damage    Failure   Level
 Vampiric Draining        Necr           14%        2d7       30%         3
 Animate Dead             Necr           14%        N/A       69%         4
 Curse of Agony           Necr           14%        N/A       95%         5


Dungeon Overview and Level Annotations

Branches:
Dungeon (2/15)

Altars:

Annotations:
D:2 1 runed translucent door, Crazy Yiuf, Terence


Innate Abilities, Weirdness & Mutations

You are immune to poison.
You have sharp fingernails.
Your flesh is cold resistant. (rC+)
You are immune to negative energy. (rN+++)
You do not regenerate when monsters are visible.
You are immune to unholy pain and torment.
You thrive by killing the living.


Message History

Throw: 6 darts (datura)
Press: ? - help, Q - select action, (/) - cycle Shift-Dir - straight line, f - endoplasm
Aim: an endoplasm (83% to hit, chance to frenzy on hit: 100%)
You throw a datura-tipped dart.
The datura-tipped dart hits the endoplasm.
The endoplasm flies into a frenzy!
The bat hits the endoplasm.
The endoplasm hits you.
Found 14 gold pieces.
Something barely misses the endoplasm.
The endoplasm closely misses something.
The endoplasm hits the frilled lizard.
The frilled lizard dies!
Terence hits the endoplasm with a +0 flail!
The endoplasm dies!
The bat barely misses you.
Throw: 5 darts (datura)
Press: ? - help, Q - select action, (/) - cycle Shift-Dir - straight line, f - bat
Aim: a bat (31% to hit, chance to frenzy on hit: 100%)
You throw a datura-tipped dart. The datura-tipped dart misses the bat.
The bat hits you but does no damage. x2
Unknown command.
The bat hits you but does no damage.
Throw: 4 darts (datura)
Press: ? - help, Q - select action, (/) - cycle Shift-Dir - straight line, p - bat You throw a datura-tipped dart.
The bat hits you but does no damage.
Unknown command.
Throw: 3 darts (datura)
Press: ? - help, Q - select action, (/) - cycle Shift-Dir - straight line, f - Terence
Aim: Terence, wielding a +0 flail and wearing a +0 scale mail (54% to hit, chance to frenzy on hit: 100%)
You throw a datura-tipped dart. The datura-tipped dart hits Terence.
Terence flies into a frenzy!
The bat barely misses you. The bat hits you but does no damage.
Terence hits you but does no damage. The bat hits you but does no damage.
The bat hits you.
Terence shouts!
Terence closely misses you.
You closely miss the bat. The bat barely misses you.
Terence hits you with a +0 flail!
Ouch! That really hurt!
The bat barely misses you. Terence hits you with a +0 flail!
You die...

#.#. #.#. #.#. .. ### #
#########... >...##...
..##.....##..## [....#....###
........##..# ............#
####.....##..# ...#.#..#
#.######....[...<...##
..#.....###((.@@.b.##.....###...
##...#..##..(...#####.....# ####
........(..####$# #.....#
....#..#### #..# ####..## #
##..# ##.# ##..## ## #..# ##.#
##..###. #@.# #....## ##..#..
#..####.###..###### ##...#
#...##..#.#w......# ###..


You could see a bat and the neutral Terence (fast, strong, frenzied).

Vanquished Creatures
  An adder (D:2)
  2 dart slugs (D:1)
  A ribbon worm (D:2)
  3 ball pythons
  4 endoplasms (D:1)
  4 giant cockroaches
  2 goblins (D:2)
  A hobgoblin (D:1)
  A quokka (D:1)
  A frilled lizard (D:1)
  2 kobolds
  A rat (D:1)
23 creatures vanquished.

Vanquished Creatures (collateral kills)
  A frilled lizard (D:2)
1 creature vanquished.

Vanquished Creatures (others)
  An endoplasm (D:2)
1 creature vanquished.

Grand Total: 25 creatures vanquished

Notes
Turn   | Place    | Note
-------+----------+-------------------------------------------
     0 | D:1      | whatisthis the Ghoul Necromancer began the quest for the
                  | Orb.
     0 | D:1      | Reached XP level 1. HP: 14/14 MP: 3/3
   181 | D:1      | Reached skill level 1 in Fighting
   181 | D:1      | Reached skill level 1 in Unarmed Combat
   181 | D:1      | Reached XP level 2. HP: 23/23 MP: 4/4
  1126 | D:2      | Found a runed translucent door.
  1127 | D:2      | Noticed Crazy Yiuf
  1163 | D:2      | Reached XP level 3. HP: 29/29 MP: 1/5
  1491 | D:2      | Noticed Terence
  1531 | D:2      | Slain by Terence

Illustrated notes

Levels and vault maps discovered:
D:1:      dpeg_arrival_stonehenge_8_columns, layout_basic
D:2:      layout_rooms, grunt_decor_one_mirror, grunt_ministairs_15,
          uniq_terence, uniq_crazy_yiuf_cottage

Skill      XL: |  1  2  3 |
---------------+----------+-----
Fighting       | 1 2 |  2.2
Unarmed Combat | 1 2 |  2.2
Dodging        | |  1.7
Stealth        | |  2.1
Spellcasting   | |  1.7
Necromancy     | |  4.0

Action                     || total
---------------------------++-------
  Melee: Unarmed           ||    83
  Throw: Dart              ||     4
   Cast: Necrotise         ||    16
 Armour: Ring mail         ||    71
  Dodge: Dodged            ||    43

Table legend: (Time is in decaauts)
 A = Elapsed time spent in this place.
 B = Non-inter-level travel time spent in this place.
 C = Inter-level travel time spent in this place.
 D = Time resting spent in this place.
 E = Time spent auto-exploring this place.
 F = Levels seen in this place.
 G = Mean time per level.
                   A        B        C        D        E       F      G
               +--------+--------+--------+--------+--------+-----+--------+
         Total |   1528 |   1493 |     35 |      3 |   1170 |   2 |  764.0 |
       Dungeon |   1528 |   1493 |     35 |      3 |   1170 |   2 |  764.0 |
               +--------+--------+--------+--------+--------+-----+--------+

Top non-repeatable levels by time:
     D:1: 1086 daAuts
     D:2: 441 daAuts
